Cogmind - Beta 14 @@@ ROGUE MODE // 2024.11.04 @ 01:04:07 Player: mlys Result: Destroyed by G-47 Trooper with Particle Gun Performance ------------- Evolutions (0) 0 Regions Visited (1) 200 Robots Destroyed (15) 75 Value Destroyed (394) 394 Prototype IDs (0) 0 Alien Tech Used (0) 0 Bonus (0) 0 TOTAL SCORE: 669 Bonus ------- None Cogmind --------- Core Integrity 0/250 Matter 268/400 Energy 125/125 System Corruption 0% Temperature Cool (9) Movement Rolling (110) Ox2 Location -10/Materials Parts ------- > --- POWER (1) -------- Light Ion Engine > --- PROPULSION (2) --- Wheel > --- UTILITY (2) ------ Medium Storage Unit Medium Matter Pod > --- WEAPON (2) ------- Light Cannon Light Cannon > --- INVENTORY (10) --- Ion Engine Heat Sink Large Battery (200) Peak State ------------ > --- POWER ------------ Light Nuclear Core > --- PROPULSION ------- Aluminum Leg Aluminum Leg > --- UTILITY ---------- Medium Matter Pod Improved Terrain Scanner > --- WEAPON ----------- Assault Rifle Light Assault Rifle > --- INVENTORY -------- Ion Engine Light Ion Engine Wheel Wheel Small Laser [Rating: 11] Favorites ----------- Power Light Ion Engine Engine Light Ion Engine Power Core Light Nuclear Core Propulsion Aluminum Leg Leg Aluminum Leg Wheel Wheel Utility Medium Matter Pod Device Improved Terrain Scanner Storage Medium Matter Pod Weapon Light Assault Rifle Energy Gun Small Laser Ballistic Gun Light Assault Rifle Ballistic Cannon Light Cannon Build | -11 -10 ------- Run | Yrd Mat Slots Evolved . | . . Power . | . . Propulsion . | . . Utility . | . . Weapon . | . . Parts Attached 21 | 9 12 Power 6 | 1 5 Engine 5 | 1 4 Core 1 | . 1 Reactor . | . . Propulsion 6 | 4 2 Treads . | . . Leg 2 | 2 . Wheel 4 | 2 2 Hover . | . . Flight . | . . Utility 3 | 1 2 Device 1 | 1 . Storage 2 | . 2 Processor . | . . Hackware . | . . Protection . | . . Artifact . | . . Weapon 6 | 3 3 Energy Gun 2 | 1 1 Energy Cannon . | . . Ballistic Gun 2 | 2 . Ballistic Cannon 2 | . 2 Launcher . | . . Special Weapon . | . . Impact Weapon . | . . Slashing Weapon . | . . Piercing Weapon . | . . Special Melee Weapon . | . . Unidentified Prototypes . | . . Parts Lost 3 | . 3 Power 1 | . 1 Propulsion 2 | . 2 Utility . | . . Weapon . | . . Highest Loss Streak 2 | . 2 To Critical Strikes . | . . Average Slot Usage (%) 94 | . 94 Engine 8 | . 8 Core 4 | . 4 Leg 13 | . 13 Wheel 13 | . 13 Device 7 | . 7 Storage 18 | . 18 Energy Gun 7 | . 7 Ballistic Gun 12 | . 12 Ballistic Cannon 7 | . 7 Peak Build Rating 11 | 8 11 Average Rating 7 | 5 8 On Entrance 4 | . 8 Naked Turns . | . . Heaviest Build 21 | 7 21 Greatest Support 20 | 20 20 Greatest Overweight (x) 2 | . 2 Average Overweight (x) . | . . Largest Inventory Capacity 10 | 5 10 Average Capacity 6 | 5 7 Most Carried 7 | 5 7 Average Carried 3 | 3 3 Final Capacity 10 | 5 10 Final Carried 4 | 4 3 Class Distribution -------------------- 100% | Mutant Dominant Class ---------------- Mutant | -10/Materials Resources | -11 -10 ----------- Run | Yrd Mat Matter Collected 610 | 330 280 Remotely . | . . Salvage Created 547 | 88 459 Parts 20 | 5 15 Haulers Intercepted . | . . Recyclers Shooed 1 | . 1 Parts Field Recycled . | . . Retrieved Matter . | . . Parts Self-Destructed . | . . Prevented . | . . Kills | -11 -10 ------- Run | Yrd Mat Combat Hostiles Destroyed 10 | 1 9 Guns 8 | 1 7 Cannons 2 | . 2 Classes Destroyed 5 | 3 2 Worker 2 | 1 1 Tunneler 1 | 1 . Recycler 1 | . 1 Watcher 1 | . 1 Grunt 10 | 1 9 Best Kill Streak 2 | 2 2 Combat Bots Only 2 | 1 2 Max Kills in Single Turn 1 | 1 1 Gunslinging . | . . Exploded . | . . Melee . | . . Uniques/NPCs Destroyed . | . . Combat | -11 -10 -------- Run | Yrd Mat Hostile Shots Fired 107 | 10 97 Missed 34 | 1 33 Damage Taken 848 | 100 748 Core 254 | 69 185 Absorbed by Shields . | . . Core Remaining (%) 72 | 72 . Volleys Fired 74 | 12 62 Largest 2 | 2 2 Hottest 70 | 40 70 Shots Fired 131 | 16 115 Gun 99 | 16 83 Cannon 32 | . 32 Launcher . | . . Special . | . . Kinetic 99 | 16 83 Thermal 32 | . 32 Explosive . | . . Electromagnetic . | . . Robot Hit Streak 14 | 3 14 Robot Miss Streak 9 | 1 9 Penetration Max . | . . Secondary Targets 2 | . 2 Max Gunslinging Chain 1 | . 1 Shots Hit Robots 68 | 7 61 Core Hits 27 | 4 23 Critical Kills . | . . Critical Parts Destroyed . | . . Critical Strikes . | . . Melee Attacks . | . . Impact . | . . Slashing . | . . Piercing . | . . Sneak Attacks . | . . Combat Hostiles . | . . Follow-up Attacks . | . . Damage Inflicted 832 | 109 723 Guns 655 | 109 546 Cannons 177 | . 177 Explosions . | . . Melee . | . . Ramming . | . . Kinetic 645 | 109 536 Thermal 187 | . 187 Explosive . | . . Electromagnetic . | . . Impact . | . . Slashing . | . . Piercing . | . . Highest Corruption . | . . Average Corruption . | . . Corruption Purged . | . . Corruption Blocked . | . . Overload Shots . | . . Overflow Damage . | . . Projectiles . | . . Explosions . | . . Melee . | . . Knockbacks 4 | . 4 Impact . | . . Kinetic 4 | . 4 Secondary . | . . Self-Inflicted Damage . | . . Shots . | . . Rammed . | . . Targets Rammed . | . . Kicked . | . . Crushed . | . . Highest Temperature 143 | . 143 Average Temperature 48 | . 48 Received Heat Transfer 471 | 54 417 Siege Activations . | . . Robots Corrupted . | . . Combat Hostiles . | . . Parts Fried . | . . Impact Corruptions . | . . Robots Melted . | . . Combat Hostiles . | . . Parts Melted 1 | . 1 Heat Transferred 425 | . 425 Parts Sabotaged . | . . Parts Stolen . | . . Parts Stripped . | . . Power Chain Reactions . | . . Alert | -11 -10 ------- Run | Yrd Mat Peak Influence 241 | 30 241 Initial 19 | . 19 Average 67 | 18 97 Maximum Alert Level 1 | . 1 Low Security (%) 92 | 100 87 Level 1 7 | . 12 Level 2 . | . . Level 3 . | . . Level 4 . | . . Level 5 . | . . High Security . | . . Max Security . | . . Squads Dispatched 4 | . 4 Investigation 2 | . 2 Extermination . | . . Reinforcement 2 | . 2 Assault . | . . Garrison . | . . Intercept . | . . Searches Triggered . | . . Construction Impeded . | . . Haulers Reinforced . | . . Active Scanning Responses . | . . Cargo Convoy Interrupts . | . . Stealth | -11 -10 --------- Run | Yrd Mat Distress Signals 2 | . 2 Communications Jammed . | . . Distress Signals . | . . Times Spotted 17 | 1 16 Peak Tracking Total 4 | 1 4 Tactical Retreats 1 | . 1 Traps | -11 -10 ------- Run | Yrd Mat Traps Triggered . | . . Indirectly . | . . Trap Hack Attempts . | . . Triggered . | . . Disarmed . | . . Reprogrammed . | . . Reused . | . . Traps Extracted . | . . Installed . | . . Triggered . | . . Machines | -11 -10 ---------- Run | Yrd Mat Machines Disabled 1 | . 1 Max in Single Turn 1 | . 1 Machines Repaired . | . . Machines Dismantled . | . . Machines Sabotaged . | . . Overloaded Fab Kills . | . . Hacking | -11 -10 --------- Run | Yrd Mat Machines Accessed 2 | . 2 Terminals 2 | . 2 Fabricators . | . . Repair Stations . | . . Recycling Units . | . . Scanalyzers . | . . Garrison Access . | . . Total Hacks 6 | . 6 Successful 3 | . 3 Failed 3 | . 3 Catastrophic 1 | . 1 Database Lockouts . | . . Manual . | . . Terminals 6 | . 6 Fabricators . | . . Repair Stations . | . . Recycling Units . | . . Scanalyzers . | . . Garrison Access . | . . Terminal Hacks 3 | . 3 Record 1 | . 1 Alert Level 1 | . 1 Maintenance Status 1 | . 1 Fabricator Hacks . | . . Repair Station Hacks . | . . Recycling Unit Hacks . | . . Scanalyzer . | . . Garrison Access Hacks . | . . Unauthorized Hacks . | . . Terminals . | . . Fabricators . | . . Repair Stations . | . . Recycling Units . | . . Scanalyzers . | . . Garrison Access . | . . Data Cores Recovered . | . . Used . | . . Hacking Detections 2 | . 2 Full Trace Events 2 | . 2 Feedback Events . | . . Feedback Blocked . | . . Robot Schematics Acquired . | . . Robots Built . | . . Authchips . | . . Time . | . . Total Robot Build Rating . | . . Part Schematics Acquired . | . . Parts Built . | . . Authchips . | . . Time . | . . Total Part Build Rating . | . . Parts Repaired . | . . Time . | . . Parts Recycled . | . . Recycled Matter . | . . Retrieved Matter . | . . Retrieved Components . | . . Parts Scanalyzed . | . . Part Schematics Acquired . | . . Parts Damaged . | . . Bothacking | -11 -10 ------------ Run | Yrd Mat Used RIF Installer . | . . Robots Hacked . | . . Non-combat . | . . Combat . | . . Robot Hacks Applied . | . . Relay Couplers Released . | . . Fabnet Peak Effective % . | . . Robots Rewired . | . . Allies Hacked . | . . Hacks Repelled . | . . Allies | -11 -10 -------- Run | Yrd Mat Total Allies . | . . Largest Group . | . . Highest-Rated Group . | . . Highest-Rated Ally . | . . Total Orders . | . . Ally Attacks . | . . Total Damage . | . . Kills . | . . Allies Corrupted . | . . Allies Melted . | . . Intel | -11 -10 ------- Run | Yrd Mat Robot Analysis Total . | . . Derelict Logs Recovered . | . . Drone Launches . | . . Drone Recoveries . | . . Exploration | -11 -10 ------------- Run | Yrd Mat Turns Passed 1026 | 391 635 Spaces Moved 649 | 208 441 Core 52 | 52 . Treads . | . . Legs 316 | 156 160 Wheels 281 | . 281 Hover . | . . Flight . | . . Fastest Speed 50 | 50 80 Average Speed 100 | 102 99 Slowest Speed 120 | 120 120 Overloaded Moves . | . . Propulsion Burnouts . | . . Robots Hopped . | . . Cave-ins Triggered . | . . Exploration Rate (%) 27 | 11 44 Regions Visited 1 Branch Regions . Pre-discovered Areas . | . . Known Exits Taken . | . . Unknown Exits Taken 1 | 1 . Scrap Searched . | . . Spaces Dug . | . . Terrain Destroyed . | . . Melee . | . . Projectile . | . . AOE . | . . Terrain Rammed . | . . Walls Destroyed . | . . Machines Disabled . | . . Actions | -11 -10 --------- Run | Yrd Mat Total 899 | 370 529 Wait 131 | 131 . Move 648 | 207 441 Hop . | . . Pick Up 18 | 10 8 Fast Attach . | . . Attach 12 | 7 5 Detach 1 | 1 . Swap 9 | 2 7 Drop 6 | . 6 Fire 74 | 12 62 Melee . | . . Ram . | . . Kick . | . . Crush . | . . Escape Stasis . | . . Rewire . | . . Trap . | . . Miscellaneous . | . . Route ------- -11/Scrapyard -10/Materials (discovered 1 exit: [*Mat]) History --------- Turn | Location | Event 2 | -11/Scrapyard | Met Revision 17 113 | -11/Scrapyard | Discovered new exit (range 8) 392 | -11/Scrapyard | Entered Materials 393 | -10/Materials | Build established: Mutant 441 | -10/Materials | Core integrity fell below 50% 702 | -10/Materials | Core integrity fell below 20% 904 | -10/Materials | Discovered new exit (range 3) 1027 | -10/Materials | Destroyed by G-47 Trooper with Particle Gun Last Messages --------------- W-16 Scout sends out distress signal. U-05 Engineer works on Atomic Centrifuge. [Achievement: Storm Trooper] Atomic Centrifuge disabled. U-05 Engineer works on Atomic Centrifuge. W-16 Scout knocked back. G-34 Mercenary knocked back. K-01 Serf collects debris. G-34 Mercenary destroyed. K-01 Serf collects debris. G-34 Mercenary knocked back. Wheel destroyed. G-34 Mercenary knocked back. G-34 Mercenary destroyed. Acquired 4 matter. Acquired 31 matter. Acquired 4 matter. Acquired 19 matter. Acquired 7 matter. [Achievement: First Step to Greatness] Map ----- +----------------------------------------------------+ | ?????????????????????????????????????????????????? | | ?????????????????????????????????????????????????? | | ?????????????????????????????????????????????????? | | ???????????????# ??????????????????????????????? | | ?????????????? ??????????????????????????????? | | ?????????? ? ??????????????????????????????? | | ?????????? #?????????????????????????????? | | ?????????## " #?????????????????????????????? | | ??? ?? ???# " #?????????????????????????????? | | ????????# " #?????#######?????????????????? | | #####+##### #????? ??????????????????? | | #????# ???????????????????? | | #????# ????????????????????? | | !!#????# #????????????????????? | | ####????# !%#????# #????????????????????? | | #???#???# % #????# #????????????????????? | | ????##??# ###### #????????????????????? | | ???#????# "" % ##### "" #?????????? | | ?#????#?# """ [ " #?????????? | | ######??# " #####????????????????? | | #??# ###### #????????????????????? | | #### # # #????????????????????? | | # # #????????????????????? | | ###### ######## # + #????????????????????? | | ?#???# ######## # #g ######???????????????? | | ##???# # # # /@ ! #????????? | | ???#?# # # # # ######???????????????? | | ?##?## # """ # # ## #????????????????????? | | ?#?#?# # """ # # #? #????????????????????? | | ###### # """ # # #? +????????????????????? | | ## # # ######? #????????????????????? | | !] ## # """ # #?????? #????????????????????? | | ## # """ + #??????[[#????????????????????? | | = ## # """ # #??????[[#????????????????????? | | ![ ## # # #??????###????????????????????? | | [ ## # # ########??????????????????????? | | ## ######## # #??????????????????????? | | +##### # # # """#??????????????????????? | | # # # """#??????????????????????? | | + + + """#??????????????????????? | | #####+### # # #??????????????????????? | | ## # # < # #??????????????????????? | | ## # # ########??????????????????????? | | ## """ ############?????????????????????????????? | | ## """ #????????????????????????????????????????? | | ## """ #????????????????????????????????????????? | | ## #????????????????????????????????????????? | | ### """ #????????????????????????????????????????? | | ??# """ #????????????????????????????????????????? | | ??# """ #????????????????????????????????????????? | +----------------------------------------------------+ Best States ------------- Heat Dissipation 25 Energy Generation 14 Energy Capacity 250 Matter Stores 400 Matter Capacity 400 Sight Range 16 Terrain Scan Range 16 Terrain Scan Density 10 Evasion (%) 55 Item Schematics ----------------- None Robot Schematics ------------------ None Fabricated ------------ Nothing Alien Tech Used ----------------- None Achievements -------------- Crack Shot First Step to Greatness One Hack Too Far Storm Trooper Uninvited Guest Challenges ------------ None Game ------ Seed GravitonDeuteriumWartreads Manual? 0 Play Time 00:29:00 Cumulative 0.4 hours Start 2024.11.02 @ 02:03:34 End 2024.11.04 @ 01:04:07 Sessions 3 Manual Loads 0 Difficulty Rogue Special Mode None Game No. 1 Rogue 1 Adventurer 0 Explorer 0 Win Type - Total 0 Types 0/0/0/0/0/0/0/0/0 Lore% 0 Gallery% 1 Achievement% 1 Wizard Run 0 Options --------- Layout 1 ASCII 0 Keyboard 0 Movement Mouse Keybinds 0 Fullscreen 0 Font 20/SmallcapsGlow Map View 50x35 Zoom Use 1% Tactical HUD 0 Map Filters NONE Filters NONE Steam 1 RUN: 27339494-b0e3-4ed3-8c42-e1f718f7f2ad